 Dungeon Crawl Stone Soup version 0.26-a0-651-gb41185065b (webtiles) character file.

Game seed: 6604285468257688913

1288 Irenicus the Cleaver (level 8, 0/68 HPs)
             Began as a Deep Dwarf Berserker on Oct 1, 2020.
             Was a Priest of Trog.
             Slain by a wight
             ... wielding a +0 flail
              (5 damage)
             ... on level 6 of the Dungeon.
             The game lasted 00:15:24 (2452 turns).

Irenicus the Cleaver (Deep Dwarf Berserker)         Turns: 2452, Time: 00:15:24

Health: 0/68       AC: 11    Str: 20    XL:     8   Next: 30%
Magic:  8/8        EV: 12    Int:  9    God:    Trog [***...]
Gold:   280        SH:  0    Dex: 16    Spells: 7/7 levels left

rFire    . . .     SeeInvis .   h - +0 war axe
rCold    . . .     Faith    .   (no shield)
rNeg     . . .     Spirit   .   q - +0 ring mail
rPois    .         Reflect  .   y - +0 helmet
rElec    .         Harm     .   (no cloak)
rCorr    .         Rampage  .   i - +0 pair of gloves
MR       +....     Rnd*Rage +   (no boots)
Stlth    ++........             (no amulet)
HPRegen  0.00/turn              m - +4 ring of protection
MPRegen  0.11/turn              (no ring)

@: berserk cooldown, non-regenerating, slowed, lightly drained, very slow
A: damage resistance, heal wounds, thin skeletal structure 1, berserk 1, sense
surroundings 1, no regeneration
a: Heal Wounds, Berserk, Trog's Hand, Renounce Religion


You were on level 6 of the Dungeon.
You worshipped Trog.
Trog was most pleased with you.
You visited 1 branch of the dungeon, and saw 6 of its levels.

You collected 280 gold pieces.

Inventory:

Hand Weapons
 a - a +0 hand axe
 h - a +0 war axe (weapon)
   (You found it on level 2 of the Dungeon)
 x - a +0 war axe
   (You took it off an orc on level 5 of the Dungeon)
Missiles
 g - 4 javelins (quivered)
Armour
 i - a +0 pair of gloves (worn)
   (You found it on level 2 of the Dungeon)
 q - a +0 ring mail (worn)
   (You found it on level 3 of the Dungeon)
 y - a +0 helmet (worn)
   (You found it on level 5 of the Dungeon)
Jewellery
 m - a +4 ring of protection (left hand)
   (You found it on level 3 of the Dungeon)
Wands
 u - a wand of disintegration (9)
   (You found it on level 5 of the Dungeon)
Scrolls
 b - a scroll of blinking {unknown}
 c - 3 scrolls of fog {unknown}
 d - 3 scrolls of enchant armour {unknown}
 e - 3 scrolls of fear {unknown}
 f - a scroll of enchant weapon {unknown}
 j - 4 scrolls of remove curse {unknown}
 k - 9 scrolls of identify {unknown}
 l - 2 scrolls of amnesia {unknown}
 n - a scroll of teleportation {unknown}
 o - 2 scrolls of magic mapping {unknown}
 w - a scroll of noise {unknown}
Potions
 p - 2 potions of brilliance {unknown}
 r - a potion of mutation {!q}
 s - a potion of heal wounds {unknown}
 t - a potion of invisibility {unknown}
 v - a potion of ambrosia {unknown}


   Skills:
 - Level 2.6 Fighting
 + Level 11.3(11.2) Axes
 - Level 2.1 Armour
 - Level 2.1 Dodging


You had 7 spell levels left.
You didn't know any spells.
Your spell library was empty.

Dungeon Overview and Level Annotations

Branches:
Dungeon (6/15)             Temple (0/1) D:6

Altars:
Ashenzari
Makhleb


Innate Abilities, Weirdness & Mutations

You are resistant to damage.
You can heal yourself by infusing magical energy.
You passively map a small area around you.
You do not regenerate.
You have a somewhat thin skeletal structure. (Dex +2, Stealth)
You tend to lose your temper in combat.


Message History

There is an open door here.
There is an escape hatch in the floor here.
You slide downwards.
The hatch slams shut behind you.
Found a metal-bound book and a leather armour.
Found a stone staircase leading up.
Found a staircase to the Ecumenical Temple.
A worker ant comes into view.
The worker ant twitches its antennae in your direction.
You see here 15 gold pieces.
You now have 280 gold pieces (gained 15).
You hit the worker ant.
The worker ant is lightly wounded.
The worker ant closely misses you.
You barely miss the worker ant.
The worker ant is lightly wounded.
The worker ant bites you but does no damage.
You closely miss the worker ant.
The worker ant is lightly wounded.
The worker ant bites you.
You are poisoned.
The worker ant poisons you!
The worker ant bites you but does no damage.
You hit the worker ant but do no damage.
The worker ant is lightly wounded.
The worker ant barely misses you.
You barely miss the worker ant.
The worker ant is lightly wounded.
The worker ant bites you but does no damage.
You hit the worker ant.
The worker ant is lightly wounded.
The worker ant bites you.
You take 4 damage, and have 33/68 hp.
You closely miss the worker ant.
The worker ant is lightly wounded.
The worker ant barely misses you.
A red film seems to cover your vision as you go berserk!
You feel yourself moving faster!
You feel mighty! The worker ant bites you.
You now have 47/102 hp.
You hit the worker ant.
The worker ant is heavily wounded.
The worker ant bites you but does no damage.
You slash the worker ant!
You kill the worker ant!
Trog accepts your kill.
You feel a strong urge to attack something.
You feel your anger nearly subside.
You are no longer berserk.
Trog's vigour flows through your veins.
You are exhausted.
You feel yourself slow down.
You now have 31/68 hp.
Found a scroll labeled ESCHYG QOCVIE.
Found a stone staircase leading up.
You are no longer poisoned.
j - 4 scrolls labeled ESCHYG QOCVIE (gained 1) 2 wights come into view.
A wight is wielding a +4 long sword of freezing.
The wight misses you. The wight closely misses you.
The wight hits you but does no damage.
The wight hits you with a cursed +3 morningstar.
You feel drained.
You take 4 damage, and have 27/68 hp. 2 wights come into view.
The wight hits you but does no damage.
The wight hits you with a cursed +4 long sword of freezing!
* * * LOW HITPOINT WARNING * * *
The wight freezes you.
You take 10 damage, and have 17/68 hp.
Evoke which item? (* to show all) (? for menu, Esc to quit)
Aiming: Disintegrate
Press: ? - help, Shift-Dir - straight line, f - wight
Aim: a wight, wielding a -1 morningstar and wearing a +0 robe (chance to defeat MR: 65%)
The wight is blasted!
You blow up the wight!
Trog accepts your kill.
Evoke which item? (* to show all) (? for menu, Esc to quit)
Aiming: Disintegrate
Press: ? - help, Shift-Dir - straight line, f - wight
Aim: a wight, wielding a +3 morningstar and wearing a +0 robe (chance to defeat MR: 65%)
The wight is blasted!
The wight closely misses you.
You barely miss the wight.
The wight is severely damaged.
The wight hits you with a cursed +3 morningstar.
* * * LOW HITPOINT WARNING * * *
You take 5 damage, and have 12/68 hp.
You slash the wight!
You destroy the wight!
Trog accepts your kill.
You closely miss the wight. The wight misses you.
You slash the wight!
The wight is severely damaged.
The wight hits you with a +0 flail!
* * * LOW HITPOINT WARNING * * *
You take 7 damage, and have 5/68 hp.
You barely miss the wight.
The wight is severely damaged.
The wight barely misses you. The wight hits you with a +0 flail.
You closely miss the wight.
The wight is severely damaged.
The wight hits you with a +0 flail!
You die...

, , #.#.#.#.#.#.#.#.##
, .#,*
.#.#.#.#.#.#..#.#* *
#.#,
.#.#.#.#.#.#.#..<.,
#.#.#.#.#.#.#.#.#......
#.#.#.#.#.#.#.#.#.....
,*
#.#.#.#.#.#.#.#.#....
,#.#.#.#.#.#.#.#.######
.#.#)#.#.#.#.#.# * *
*.#.#@#.#.#.#.#.. *
.#.#z#.#.#.#.... *
+#+#z#.#.#.#....# , , *
...z...#.#.#)#.....# ,
.......########....# ,
.....z. ....# ,.......
* ...# , #######* , ..
,,


You could see 2 wights.

Vanquished Creatures
  Eustachio (D:4)
  Edmund (D:4)
  A sky beast (D:5)
  An ice beast (D:5)
  An ogre (D:5)
  A centaur (D:5)
  2 wights (D:6)
  3 hounds
  An orc priest (D:5)
  A centaur skeleton (D:3)
  4 orc wizards
  2 iguanas (D:5)
  5 worker ants
  3 gnolls (D:4)
  6 adders
  2 oozes
  4 worms
  2 dart slugs (D:1)
  5 leopard geckos
  13 orcs
  2 ball pythons
  8 giant cockroaches
  9 goblins
  4 hobgoblins (D:1)
  5 jackals
  2 quokkas (D:3)
  7 bats
  4 frilled lizards
  14 kobolds
  A quokka skeleton (D:5)
  6 rats
121 creatures vanquished.

Notes
Turn   | Place    | Note
-------+----------+-------------------------------------------
     0 | D:1      | Irenicus the Deep Dwarf Berserker began the quest for the
                  | Orb.
     0 | D:1      | Reached XP level 1. HP: 20/20 MP: 1/1
    42 | D:1      | HP: 5/20 [leopard gecko (4)]
    43 | D:1      | Reached skill level 4 in Axes
    43 | D:1      | Reached XP level 2. HP: 6/27 MP: 2/2
    47 | D:1      | HP: 2/27 [dart slug/slug dart (4)]
   137 | D:1      | Reached ** piety under Trog
   234 | D:1      | Reached XP level 3. HP: 18/33 MP: 3/3
   387 | D:2      | Reached skill level 5 in Axes
   601 | D:2      | Reached XP level 4. HP: 14/40 MP: 4/4
   743 | D:2      | HP: 10/40 [adder (2)]
   869 | D:3      | Reached skill level 6 in Axes
   902 | D:3      | HP: 5/40 [orc/+0 trident (8)]
   903 | D:3      | Gained mutation: You tend to lose your temper in combat.
                  | [potion of mutation]
   903 | D:3      | Gained mutation: You have a somewhat thin skeletal
                  | structure. (Dex +2, Stealth) [potion of mutation]
   903 | D:3      | HP: 2/40 [orc/+0 trident (3)]
   905 | D:3      | Reached XP level 5. HP: 20/46 MP: 5/5
  1021 | D:3      | Reached skill level 7 in Axes
  1026 | D:3      | HP: 9/46 [worm (4)]
  1334 | D:3      | Reached *** piety under Trog
  1376 | D:3      | You fall into a shaft and drop 2 floors!
  1376 | D:5      | Entered Level 5 of the Dungeon
  1399 | D:5      | Reached XP level 6. HP: 28/55 MP: 6/6
  1489 | D:4      | Reached skill level 8 in Axes
  1494 | D:4      | Noticed Eustachio
  1521 | D:4      | Killed Eustachio
  1680 | D:4      | Found a burning altar of Makhleb.
  1684 | D:4      | HP: 13/55 [leopard gecko (2)]
  1752 | D:4      | Reached XP level 7. HP: 23/61 MP: 7/7
  1789 | D:4      | Noticed Edmund
  1798 | D:4      | Reached skill level 9 in Axes
  1809 | D:4      | Killed Edmund
  1977 | D:4      | HP: 20/91 [gnoll/+0 spear (5)]
  2062 | D:5      | Reached skill level 10 in Axes
  2089 | D:5      | HP: 8/61 [centaur/arrow (8)]
  2090 | D:5      | HP: 3/61 [centaur (5)]
  2129 | D:5      | Reached XP level 8. HP: 36/68 MP: 8/8
  2252 | D:5      | Found a broken altar of Ashenzari.
  2282 | D:5      | Reached skill level 11 in Axes
  2294 | D:5      | HP: 9/68 [orc priest/divine providence (12)]
  2400 | D:6      | Found a staircase to the Ecumenical Temple.
  2443 | D:6      | HP: 17/68 [wight/cursed +4 long sword of freezing (10)]
  2450 | D:6      | HP: 5/68 [wight/+0 flail (7)]
  2452 | D:6      | Slain by a wight

Illustrated notes

Levels and vault maps discovered:
D:1:      minmay_arrival_wavy_path, layout_rooms, minivault_19
D:2:      layout_basic
D:3:      layout_loops_ring, minmay_quadrilaterals
D:4:      layout_basic, lightli_temple_of_fire, feat_on_display, uniq_edmund,
          uniq_eustachio
D:5:      layout_basic, old_standard_altar
D:6:      minmay_clustersquares, layout_basic, minmay_temple_entry_slanted

Skill      XL: |  1  2  3  4  5  6  7  8 |
---------------+-------------------------+-----
Axes           | 4 5 6 7 8 10 11 | 11.3
Fighting       | |  2.6
Armour         | |  2.1
Dodging        | |  2.1

Action                   |  1- 3 |  4- 6 |  7- 9 || total
-------------------------+-------+-------+-------++-------
Melee: Hand axe          |   111 |   221 |       ||   332
       War axe           |       |       |    87 ||    87
Throw: Javelin           |       |       |     2 ||     2
Invok: Berserk           |     1 |     5 |     6 ||    12
       Trog's Hand       |     1 |     4 |     3 ||     8
 Abil: Heal Wounds       |     1 |     1 |       ||     2
Evoke: Wand              |       |       |     3 ||     3
  Use: Potion            |       |     4 |       ||     4
 Stab: Sleeping          |       |     6 |     1 ||     7
Armor: Animal skin       |    20 |       |       ||    20
       Leather armour    |     1 |    90 |     9 ||   100
       Ring mail         |       |       |    34 ||    34
Dodge: Dodged            |    90 |   140 |    45 ||   275

Table legend: (Time is in decaauts)
 A = Elapsed time spent in this place.
 B = Non-inter-level travel time spent in this place.
 C = Inter-level travel time spent in this place.
 D = Time resting spent in this place.
 E = Time spent auto-exploring this place.
 F = Levels seen in this place.
 G = Mean time per level.
                   A        B        C        D        E       F      G
               +--------+--------+--------+--------+--------+-----+--------+
         Total |   2573 |   2534 |     39 |      0 |      0 |   6 |  428.8 |
       Dungeon |   2573 |   2534 |     39 |      0 |      0 |   6 |  428.8 |
               +--------+--------+--------+--------+--------+-----+--------+

Top non-repeatable levels by time:
     D:2: 652 daAuts
     D:4: 520 daAuts
     D:3: 500 daAuts
     D:5: 448 daAuts
     D:1: 388 daAuts
     D:6: 62 daAuts

Table legend:
 A = Kills in this place as a percentage of kills in entire the game.
 B = Kills by you in this place as a percentage of kills by you in the entire game.
 C = Kills by friends in this place as a percentage of kills by friends in the entire game.
 D = Other kills in this place as a percentage of other kills in the entire game.
 E = Experience gained in this place as a percentage of experience gained in the entire game.
 F = Experience gained in this place divided by the number of levels of this place that you have seen.
                   A       B       C       D       E      F
               +-------+-------+-------+-------+-------+----------------------
         Total | 100.0 | 100.0 |   N/A |   N/A | 100.0 | 306.8
       Dungeon | 100.0 | 100.0 |   N/A |   N/A | 100.0 | 306.8
               +-------+-------+-------+-------+-------+----------------------
